AoeStats
← marzzzel1337

Lombardia

508864182Analyzed
2v2 RM · 7d ago on Sep 24, 2026· 28m 11s· 4 players
Game mode
Random Map
Map size
Medium (4 player)
Population
200
Speed
Normal
Resources
Standard
Victory
Conquest
Starting age
Dark Age
Ending age
Imperial Age
RankedLock teamsTeams togetherTeam positionsShared explorationLock speedFull tech treeHidden civsTurbo modeCheats
Victory
Defeat
🇮🇳 Britons · India
897
+16
🇹🇷 Khmer · Türkiye
839
+19
🇩🇪 Japanese · Germany
955
-19
🇩🇪 Franks · Germany
853
-26
Sport5450
0:37 Loom
10:27 Feudal Age
11:06 Horse Collar
11:17 Double-Bit Axe
15:26 Gold Mining
17:31 Stone Mining
22:28 Castle Age
20:37 Padded Archer Armor
20:28 Fletching
21:41 Forging
21:32 Scale Mail Armor
22:15 Scale Barding Armor
23:32 Bow Saw
23:50 Heavy Plow
25:18 Gold Shaft Mining
24:16 Crossbowman
26:05 Leather Archer Armor
25:46 Bodkin Arrow
BorsaKaplanı
10:26 Feudal Age
11:18 Double-Bit Axe
13:06 Fletching
19:44 Horse Collar
23:49 Castle Age
22:16 Gold Mining
22:17 Stone Mining
24:31 Bodkin Arrow
24:37 Padded Archer Armor
25:17 Crossbowman
Aircontrol
5:06 Loom
11:57 Feudal Age
15:24 Horse Collar
21:17 Fletching
25:35 Castle Age
27:15 Elite Skirmisher
marzzzel1337
13:20 Feudal Age
16:15 Feudal Age
16:49 Double-Bit Axe
19:12 Wheelbarrow
20:49 Loom
21:12 Scale Barding Armor
21:18 Forging
26:43 Castle Age
27:58 Hand Cart
27:48 Husbandry
Connection lost

Rejoining the realm…

Still unreachable

The connection could not be restored.

Session expired

The server has moved on; the page needs a fresh start.